 Dungeon Crawl Stone Soup version 0.30-a0-739-gea05faddec (webtiles) character file.

Game seed: 4201069420757026265

2429 jimonade the Thaumaturge (level 9, -3/56 HPs)
             Began as a Djinni Hedge Wizard on Feb 5, 2023.
             Was an Initiate of Ashenzari.
             Slain by a wight
             ... wielding a +2 long sword of freezing
              (5 damage)
             ... on level 7 of the Dungeon.
             The game lasted 00:17:18 (6425 turns).

jimonade the Thaumaturge (Djinni Hedge Wizard)      Turns: 6425, Time: 00:17:19

Health: -3/56      AC:  3    Str: 11    XL:     9   Next: 77%
Gold:   371        EV: 13    Int: 18    God:    Ashenzari [......] SH:  0 Dex: 13

rFire   + + .      SeeInvis .    a - +1 dagger (venom)
rCold   x . .      Faith    .    (no shield)
rNeg    . . .      Spirit   .    p - +0 robe
rPois   ∞          Reflect  .    c - +0 hat
rElec   .          Harm     .    (no cloak)
rCorr   .          Rampage  .    I - +0 pair of gloves
Will    +....                    (boots unavailable)
Stlth   ++                       (no amulet)
HPRegen 0.29/turn                w - ring of willpower
MPRegen 0.00/turn                (no ring)

@: on blink cooldown, flying
A: sickness immunity, fire resistance 2, cold vulnerability 1, float, innate
caster, HP casting, extra vitality 1
a: Renounce Religion


You were on level 7 of the Dungeon.
You worshipped Ashenzari.
Ashenzari was noncommittal.
You visited 2 branches of the dungeon, and saw 8 of its levels.

You collected 371 gold pieces.

Inventory:

Hand Weapons
 a - a +1 dagger of venom (weapon)
 b - a +0 sling
 r - a +2 glaive of venom
 y - a +0 dagger
 M - a +2 whip of electrocution
 O - the +10 mace of Turoj {heavy, Int+3}
   (You found it on level 6 of the Dungeon)

   Int:       It affects your intelligence (+3).
Missiles
 e - 15 poisoned darts
 f - 2 throwing nets
 N - 3 javelins
Armour
 c - a +0 hat (worn)
 l - a +0 leather armour
 n - a +0 leather armour of cold resistance
 o - a +2 pair of gloves
 p - a +0 robe (worn)
 I - a +0 pair of gloves (worn)
 L - a +3 leather armour
Magical Staves
 k - a staff of fire
 m - a staff of cold
 z - a staff of poison
Jewellery
 w - a ring of willpower (left hand)
Wands
 t - a wand of iceblast (6)
 u - a wand of charming (9)
 A - a wand of polymorph (10)
 J - a wand of flame (26)
Scrolls
 g - 2 scrolls of fog {unknown}
 h - 2 scrolls of enchant armour {unknown}
 i - a scroll of blinking {unknown}
 j - 9 scrolls of identify {unknown}
 x - a scroll of magic mapping {unknown}
 D - a scroll of vulnerability {unknown}
 F - 2 scrolls of teleportation {unknown}
 H - 2 scrolls of fear {unknown}
 K - a scroll of amnesia {unknown}
 P - a scroll of acquirement {unknown}
Potions
 d - a potion of magic
 q - a potion of heal wounds {unknown}
 s - a potion of invisibility {unknown}
 v - 3 potions of brilliance {unknown}
 B - 4 potions of mutation {unknown}
 C - 4 potions of curing {unknown}
 E - a potion of lignification {unknown}
 G - a potion of degeneration {unknown}


   Skills:
 + Level 0.5 Fighting
 + Level 3.4 Dodging
 - Level 1.5 Stealth
 * Level 9.7 Spellcasting


You had 9 spell levels left.
You knew the following spells:

 Your Spells              Type           Power      Damage    Failure   Level
a - Magic Dart            Conj           100%       1d8       1%          1
b - Slow                  Hex            100%       N/A       1%          1
c - Blink                 Tloc           88%        N/A       1%          2
d - Call Imp              Summ           44%        N/A       1%          2
e - Mephitic Cloud        Conj/Pois/Air  44%        N/A       1%          3
f - Apportation           Tloc           88%        N/A       1%          1
g - Momentum Strike       Conj/Tloc      88%        3d10      1%          2
h - Scorch                Fire           88%        2d9       1%          2
i - Leda's Liquefaction   Hex/Erth       22%        N/A       1%          4
Your spell library was empty.

Dungeon Overview and Level Annotations

Branches:
Dungeon (7/15)             Temple (1/1) D:7

Altars:
Ashenzari
Cheibriados
Gozag
Hepliaklqana
Nemelex Xobeh
Okawaru
Qazlal
Ru
Uskayaw

Annotations:
D:3 3 runed translucent doors, voltaire321's ghost, amateur OpVM


Innate Abilities, Weirdness & Mutations

You are immune to sickness and miasma.
You are immune to poison.
Your flesh is very heat resistant. (rF++)
You are vulnerable to cold. (rC-)
You float through the air rather than walking.
You learn spells naturally, not from books.
Your magical power is your life essence.
You have superior vitality. (+4 MHP)


Message History

Things that are here:
a +0 shortbow; a centaur corpse Your crimson imp disappears in a puff of smoke!
Found a staircase to the Ecumenical Temple.
An ogre and a wight come into view.
A gnoll bouda, a gnoll and a wight come into view.
The wight is wielding a +2 long sword of freezing.
There is a staircase to the Ecumenical Temple here.
You fly downwards.
Welcome to the Ecumenical Temple!
Found an ancient bone altar of Kikubaaqudgha and a broken altar of Ashenzari.
There is a staircase back to the Dungeon here.
Found a shimmering blue altar of Sif Muna.
There is a broken altar of Ashenzari here.
You hover solemnly before the altar of Ashenzari.
Ashenzari welcomes you!
Ashenzari warns you of distant threats and treasures.
Ashenzari reveals the structure of the dungeon to you.
Ashenzari shows you where magical portals lie.
There is a staircase back to the Dungeon here.
You fly upwards.
Welcome back to the Dungeon!
The wight hits you with a +5 morningstar!
The wight closely misses you.
There is a staircase to the Ecumenical Temple here.
The wight closely misses you.
Casting: Scorch (safe; 1% risk of failure)
Confirm with . or Enter, or press ? or * to list all spells.
You blink.
You feel stable enough to blink again. The wight attacks as you move away!
The wight hits you with a +5 morningstar!
The wight attacks as you move away!
The wight hits you with a +5 morningstar!
The wight attacks as you move away!
The wight hits you with a +5 morningstar!
* * * LOW HITPOINT WARNING * * *
Casting: Blink (safe; 1% risk of failure)
Confirm with . or Enter, or press ? or * to list all spells.
You blink.
* * * LOW HITPOINT WARNING * * *
The gnoll barely misses you.
The wight hits you with a +2 long sword of freezing.
You die...

....#..# #........#
....#..# #........#
......####........#
...#....##........#
..##..............#
.###....##.......O#
.##.....##........#
.##.....##.......z#
.##.....##......@g#
###....###......z.#
.......# ########.#
.......# #§#
.......# #.#
.......# #.#
....#### #.# ....#
#.# ....# #.##


You could see an ogre, 2 wights and a gnoll.

Vanquished Creatures
  Pikel (D:6)
  Grinder (D:4)
  Sigmund (D:3)
  Eustachio (D:6)
  A steam dragon (D:6)
  2 black bears
  2 ice beasts
  A centaur (D:7)
  A lemure (D:5)
  A phantom (D:5)
  A bullfrog (D:6)
  2 jellies (D:5)
  An iguana (D:6)
  Natasha (D:3)
  2 orc wizards
  5 adders
  A shadow imp (D:7)
  2 white imps (D:6)
  An ufetubus (D:5)
  3 worms
  A dart slug (D:2)
  3 orcs
  7 bats
  4 endoplasms
  4 giant cockroaches
  5 goblins
  4 hobgoblins
  7 jackals
  6 quokkas
  4 ball pythons
  3 frilled lizards (D:1)
  8 kobolds
  7 rats
94 creatures vanquished.

Vanquished Creatures (collateral kills)
  2 ice beasts
  A bullfrog (D:6)
  A howler monkey (D:6)
  2 hounds
  An iguana (D:4)
  Natasha (twice) (D:3)
  An orc wizard (D:5)
  2 adders
  A shadow imp (D:7)
  5 orcs
  An endoplasm (D:3)
  3 jackals
  A kobold (D:4)
23 creatures vanquished.

Grand Total: 117 creatures vanquished

Notes
Turn   | Place    | Note
-------+----------+-------------------------------------------
     0 | D:1      | jimonade the Djinni Hedge Wizard began the quest for the
                  | Orb.
     0 | D:1      | jimonade set off with the following spells memorised: Magic
                  | Dart, Slow, Blink, Call Imp, Mephitic Cloud.
     0 | D:1      | Reached XP level 1. HP: 15/15 MP: 0/0
   155 | D:1      | Reached XP level 2. HP: 21/21 MP: 0/0
   265 | D:1      | Reached skill level 3 in Spellcasting
   427 | D:1      | Reached XP level 3. HP: 23/25 MP: 0/0
   427 | D:1      | Learned a level 1 spell: Apportation
   887 | D:2      | Found a snail-covered altar of Cheibriados.
  1001 | D:2      | Reached XP level 4. HP: 31/31 MP: 0/0
  1385 | D:3      | Noticed Sigmund
  1397 | D:3      | Killed Sigmund
  1398 | D:3      | Reached skill level 4 in Spellcasting
  1398 | D:3      | Reached XP level 5. HP: 25/35 MP: 0/0
  1398 | D:3      | Learned a level 2 spell: Momentum Strike
  1398 | D:3      | Reached XP level 6. HP: 28/40 MP: 0/0
  1487 | D:3      | Found a faded altar of an unknown god.
  1584 | D:3      | Noticed Natasha
  1596 | D:3      | Killed Natasha
  1597 | D:3      | Reached skill level 5 in Spellcasting
  1805 | D:3      | Found an opulent altar of Gozag.
  1900 | D:3      | Found a hide-covered altar of Uskayaw.
  2033 | D:3      | Found a runed translucent gate.
  2033 | D:3      | Found a runed translucent gate.
  2033 | D:3      | Found a runed translucent gate.
  2341 | D:3      | Noticed Natasha
  2348 | D:3      | Killed Natasha
  2579 | D:3      | Noticed voltaire321's ghost (amateur OpVM)
  2715 | D:4      | Noticed Grinder
  2740 | D:4      | HP: 2/40 [Grinder (5)]
  2742 | D:4      | Killed Grinder
  2743 | D:4      | Reached skill level 6 in Spellcasting
  2743 | D:4      | Reached XP level 7. HP: 2/46 MP: 0/0
  2743 | D:4      | Learned a level 2 spell: Scorch
  2807 | D:3      | Noticed Natasha
  2917 | D:3      | Killed Natasha
  3031 | D:4      | Found an iron altar of Okawaru.
  3039 | D:4      | Found a hazy altar of Hepliaklqana.
  3762 | D:5      | Entered Level 5 of the Dungeon
  3870 | D:5      | Reached XP level 8. HP: 45/51 MP: 0/0
  3933 | D:5      | Found a stormy altar of Qazlal.
  4049 | D:5      | Reached skill level 7 in Spellcasting
  4316 | D:5      | Found a sparkling altar of Nemelex Xobeh.
  4642 | D:6      | Noticed Pikel
  4662 | D:6      | HP: 2/51 [lemure[Pikel] (5)]
  4951 | D:6      | Killed Pikel
  4952 | D:6      | Reached skill level 8 in Spellcasting
  4952 | D:6      | Reached XP level 9. HP: 11/56 MP: 0/0
  4952 | D:6      | Learned a level 4 spell: Leda's Liquefaction
  5149 | D:6      | Reached skill level 9 in Spellcasting
  5454 | D:6      | Noticed Eustachio
  5472 | D:6      | Killed Eustachio
  5604 | D:6      | Found a sacrificial altar of Ru.
  5788 | D:6      | Identified the +10 mace of Turoj {heavy, Int+3}
  6387 | D:7      | Found a staircase to the Ecumenical Temple.
  6397 | Temple   | Entered the Ecumenical Temple
  6402 | Temple   | Became a worshipper of Ashenzari the Shackled
  6425 | D:7      | Slain by a wight

Illustrated notes

Levels and vault maps discovered:
D:1:      wander_arrival_chamber, layout_rooms, minmay_octomino_e4
D:2:      layout_rooms, basic_altar
D:3:      layout_basic, grunt_gozag_breadcrumbs, nicolae_uskayaw_suspiria,
          gammafunk_ghost_icy, hellmonk_ecumenical_altar_blasted, uniq_sigmund,
          uniq_natasha
D:4:      layout_cave_pods, mainiacjoe_overflow_large_starburst, uniq_grinder
D:5:      layout_basic, nicolae_overflow_crystal_walls,
          mainiacjoe_overflow_six_doors_small
D:6:      layout_rooms, mainiacjoe_overflow_brackets, uniq_eustachio, uniq_pikel
D:7:      minmay_thick_lines, layout_basic, lemuel_tele_altar,
          kennysheep_little_box, minmay_temple_entry_crystal_x,
          grunt_ministairs_2
Temple:   hellmonk_temple_of_storms

Skill      XL: |  1  2  3  4  5  6  7  8  9 |
---------------+----------------------------+-----
Spellcasting   | 3 4 6 8 9 |  9.7
Dodging        | 3 |  3.4
Fighting       | |  0.5
Stealth        | |  1.5

Action                     |  1- 3 |  4- 6 |  7- 9 || total
---------------------------+-------+-------+-------++-------
  Melee: Dagger            |       |     2 |     2 ||     4
   Cast: Magic Dart        |   101 |    77 |    79 ||   257
         Call Imp          |       |    14 |    28 ||    42
         Mephitic Cloud    |       |     1 |     2 ||     3
         Slow              |       |     1 |     1 ||     2
         Momentum Strike   |       |     1 |       ||     1
         Scorch            |       |       |    48 ||    48
         Blink             |       |       |     2 ||     2
 Armour: Robe              |     5 |     6 |     6 ||    17
  Dodge: Dodged            |    15 |    10 |    37 ||    62

Table legend: (Time is in decaauts)
 A = Elapsed time spent in this place.
 B = Non-inter-level travel time spent in this place.
 C = Inter-level travel time spent in this place.
 D = Time resting spent in this place.
 E = Time spent auto-exploring this place.
 F = Levels seen in this place.
 G = Mean time per level.
                   A        B        C        D        E       F      G
               +--------+--------+--------+--------+--------+-----+--------+
         Total |   6436 |   6160 |    276 |    567 |   4677 |   8 |  804.5 |
       Dungeon |   6426 |   6150 |    276 |    567 |   4677 |   7 |  918.0 |
        Temple |     10 |     10 |      0 |      0 |      0 |   1 |   10.0 |
               +--------+--------+--------+--------+--------+-----+--------+

Top non-repeatable levels by time:
     D:3: 1484 daAuts
     D:5: 1237 daAuts
     D:6: 975 daAuts
     D:4: 967 daAuts
     D:1: 741 daAuts
     D:2: 578 daAuts
     D:7: 440 daAuts
  Temple: 10 daAuts
